 Dungeon Crawl Stone Soup version 0.21.1-1-g345015fe64 (webtiles) character file.

97 akantor980 the Skirmisher (level 4, -2/45 HPs)
             Began as a Hill Orc Abyssal Knight on Feb 21, 2018.
             Was an Initiate of Okawaru.
             Shot with an arrow by a centaur (4 damage)
             ... on level 3 of the Dungeon.
             The game lasted 00:30:44 (1626 turns).

akantor980 the Skirmisher (Hill Orc Abyssal Knight) Turns: 1626, Time: 00:30:44

Health: -2/45      AC: 12    Str: 15    XL:     4   Next: 68%
Magic:  5/5        EV:  6    Int: 12    God:    Okawaru [......]
Gold:   114        SH:  0    Dex: 12    Spells: 3/3 levels left

rFire    + . .     SeeInvis .   a - +1 hand axe
rCold    . . .     Gourm    .   (no shield)
rNeg     . . .     Faith    .   m - +1 plate armour
rPois    .         Spirit   .   (no helmet)
rElec    .         Reflect  .   (no cloak)
rCorr    .         Harm     .   (no gloves)
MR       +....                  (no boots)
Stlth    ..........             (no amulet)
HPRegen  0.15/turn              e - +2 ring of slaying (curse)
MPRegen  0.09/turn              u - ring of protection from fire

@: no status effects
A: repulsion field 1, agile 1, low mp 1, magic resistance 1, robust 1
a: Renounce Religion


You were on level 3 of the Dungeon.
You worshipped Okawaru.
Okawaru was noncommittal.
You were not hungry.

You visited 1 branch of the dungeon, and saw 3 of its levels.
You visited the Abyss 1 time.

You collected 114 gold pieces.

Inventory:

Hand Weapons
 a - a +1 hand axe (weapon)
 c - a +0 hand axe
 d - a +0 club
 g - a +0 dagger
 j - a +0 spear
 k - a +0 hunting sling
 n - a +0 mace
 r - a +0 hand axe
Missiles
 i - 20 arrows
 l - 3 tomahawks (quivered)
 o - 41 stones
 p - 4 large rocks
Armour
 b - a +0 leather armour
 f - a +0 ring mail
 m - a +1 plate armour (worn)
Jewellery
 e - a cursed +2 ring of slaying (left hand)
 u - a ring of protection from fire (right hand)
Wands
 t - a wand of paralysis (18)


   Skills:
 + Level 4.7 Fighting
 + Level 4.0 Axes
 + Level 3.2 Armour
 - Level 0.9 Dodging
 * Level 0.3 Stealth
 * Level 0.4 Spellcasting
 + Level 2.4 Invocations


You had 3 spell levels left.
You didn't know any spells.

Dungeon Overview and Level Annotations

Branches:
Dungeon (3/15)

Altars:
Cheibriados
Dithmenos
Okawaru

Annotations:
D:3 °


Innate Abilities, Weirdness & Mutations

You are surrounded by a mild repulsion field. (EV +2)
You are agile. (Dex +2)
Your magical capacity is low. (-10% MP)
You are resistant to hostile enchantments. (MR+)
You are robust. (+10% HP)


Message History

You feel yourself speed up.
You feel yourself slow down.
You recover from your berserk rage.
You aren't carrying any food.
You aren't carrying any spellbooks or scrolls.
A centaur comes into view.
The centaur shouts!
The centaur wields a shortbow.
The centaur shoots an arrow.
The arrow completely misses you.
You see here an arrow.
The centaur shoots an arrow.
The arrow hits you.
* * * LOW HITPOINT WARNING * * *
The centaur shoots an arrow.
The arrow hits you.
* * * LOW HITPOINT WARNING * * *
You hear a shout!
You see here an arrow.
The centaur shoots an arrow.
The arrow barely misses you.
The centaur shoots an arrow.
The arrow hits you but does no damage.
You see here an arrow.
The centaur shoots an arrow.
The arrow hits you.
You die...

######......)..# #
#.......#.#
#.......#.##
#.......#..#
#.......##.##
#.......##..#
#.......###.#######
#.......# #.......#
#@......#
##.......#
###(.......#
#.(.######## #(###
#..# #c## .. ...


You could see a centaur.

Vanquished Creatures
  An orc priest (D:3)
  An ooze (D:1)
  A worm (D:2)
  3 dart slugs
  4 leopard geckos
  2 orcs (D:3)
  4 bats (D:1)
  3 giant cockroaches
  2 hobgoblins
  2 jackals (D:2)
  7 kobolds
  2 ball pythons
  4 frilled lizards
  5 goblins
  8 rats
49 creatures vanquished.

Notes
Turn   | Place    | Note
-------+----------+-------------------------------------------
     0 | Abyss:1  | akantor980 the Hill Orc Abyssal Knight began the quest for the Orb.
     0 | Abyss:1  | Reached XP level 1. HP: 19/19 MP: 2/2
    15 | D:1      | Escaped the Abyss
   297 | D:1      | Reached XP level 2. HP: 26/27 MP: 3/3
   458 | D:1      | Reached * piety under Lugonu
   651 | D:1      | Reached XP level 3. HP: 27/34 MP: 4/4
   859 | D:1      | You fall through a shaft!
   953 | D:2      | Found a snail-covered altar of Cheibriados.
  1329 | D:2      | Reached ** piety under Lugonu
  1329 | D:2      | Reached XP level 4. HP: 37/41 MP: 5/5
  1350 | D:2      | Found an iron altar of Okawaru.
  1362 | D:2      | Fell from the grace of Lugonu
  1362 | D:2      | Became a worshipper of Warmaster Okawaru
  1436 | D:3      | Found a shadowy altar of Dithmenos.
  1533 | D:3      | Gained mutation: You are surrounded by a mild repulsion field. (EV +2) [potion of mutation]
  1533 | D:3      | Gained mutation: You have a pair of small horns on your head. [potion of mutation]
  1533 | D:3      | Gained mutation: You are agile. (Dex +2) [potion of mutation]
  1533 | D:3      | Gained mutation: You are very agile. (Dex +4) [potion of mutation]
  1536 | D:3      | Lost mutation: You have a pair of small horns on your head. [potion of mutation]
  1536 | D:3      | Lost mutation: You are very agile. (Dex +4) [potion of mutation]
  1536 | D:3      | Gained mutation: Your magical capacity is low. (-10% MP) [potion of mutation]
  1536 | D:3      | Gained mutation: You are resistant to hostile enchantments. (MR+) [potion of mutation]
  1536 | D:3      | Gained mutation: You are robust. (+10% HP) [potion of mutation]
  1619 | D:3      | Noticed a centaur
  1621 | D:3      | HP: 1/45 [centaur/arrow (3)]
  1626 | D:3      | Shot with an arrow by a centaur

Skill      XL: |  1  2  3  4 |
---------------+-------------+-----
Fighting       | 4 |  4.7
Axes           | 3 4 |  4.0
Armour         | 3 |  3.2
Dodging        | |  0.9
Stealth        | |  0.3
Spellcasting   | |  0.4
Invocations    | |  2.4

Action                   |  1- 3 |  4- 6 || total
-------------------------+-------+-------++-------
Melee: Hand axe          |    99 |    18 ||   117
Throw: Tomahawk          |     3 |       ||     3
Invok: Depart the Abyss  |     1 |       ||     1
  Use: Scroll            |     6 |     3 ||     9
       Potion            |       |     6 ||     6
  Eat: Ration            |     1 |       ||     1
Armor: Leather armour    |     9 |       ||     9
       Ring mail         |    24 |       ||    24
       Plate armour      |    12 |    18 ||    30
Dodge: Dodged            |    62 |     5 ||    67
